 Dungeon Crawl Stone Soup version 0.16-a0-2702-gfff482a (console) character file.

482 utis the Digger (level 6, -6/32 HPs)
             Began as a Deep Elf Earth Elementalist on Nov 25, 2014.
             Killed by divine providence
             ... invoked by an orc priest
              (10 damage)
             ... on level 4 of the Dungeon.
             The game lasted 00:12:54 (5579 turns).

utis the Digger (Deep Elf Earth Elementalist)       Turns: 5579, Time: 00:12:54

Health: -6/32      AC:  4    Str:  7    XL:     6   Next: 87%
Magic:  17/21      EV: 11    Int: 20    God:
Gold:   191        SH:  0    Dex: 15    Spells: 5 memorised, 2 levels left

rFire  . . .     SeeInvis .     b - 57 stones {=f}
rCold  . . .     Clarity  .     n - +1 leather armour
rNeg   . . .     SustAb   .     (no shield)
rPois  .         Gourm    .     (no helmet)
rElec  .         Spirit   .     (no cloak)
rCorr  .         Warding  .     (no gloves)
rMut   .         Stasis   .     (no boots)
MR     +....                    (no amulet)
Stlth  ++........               (no ring)
                                j - ring of protection from magic

@: somewhat resistant to hostile enchantments, unstealthy
A: no striking features
a: no special abilities


You were on level 4 of the Dungeon.
You were not hungry.

You visited 1 branch of the dungeon, and saw 4 of its levels.

You collected 191 gold pieces.

Inventory:

Hand weapons
 a - a +1 dire flail of protection
 i - a +0 dagger
 B - a +0 dagger of venom {=f}
Missiles
 b - 57 stones (in hand) {=f}
 g - 17 sling bullets
 p - 20 poisoned needles
 A - 2 tomahawks (quivered)
Armour
 c - a +0 robe
 n - a +1 leather armour (worn)
Magical staves
 v - an uncursed staff of conjuration {unknown}
Rods
 u - a +2 rod of the swarm (10/10) {!a}
   (You found it on level 2 of the Dungeon)
Jewellery
 j - a ring of protection from magic (left hand)
 r - a +3 ring of protection {unknown}
Magical devices
 o - a wand of paralysis (10)
Scrolls
 y - a scroll of magic mapping
Potions
 e - a potion of lignification {unknown}
 k - 2 potions of restore abilities
 l - 3 potions of agility {unknown}
 q - 5 potions of curing
 s - a potion of poison {unknown}
 t - 2 potions of degeneration {unknown}
 w - a potion of brilliance {unknown}
 x - a potion of heal wounds {unknown}
Books
 d - a book of Geomancy

   Spells                             Type                      Level
   *Sandblast                         Earth                        1
   *Stoneskin                         Transmutation/Earth          2
   *Passwall                          Transmutation/Earth          3
   *Stone Arrow                       Conjuration/Earth            3
   *Petrify                           Transmutation/Earth          4
   Lee's Rapid Deconstruction         Earth                        5
Comestibles
 f - 4 meat rations
 h - 6 fruits
 m - 2 bread rations


   Skills:
 + Level 2.5 Dodging
 - Level 2.4 Stealth
 - Level 5.2 Spellcasting
 - Level 5.2 Conjurations
 - Level 1.1 Transmutations
 - Level 5.4 Earth Magic


You had 2 spell levels left.
You knew the following spells:

 Your Spells              Type           Power        Failure   Level  Hunger
a - Sandblast             Erth           ####..       1%          1    None
b - Stone Arrow           Conj/Erth      ####..       4%          3    ##.....
o - Stoneskin             Trmt/Erth      ###.....     4%          2    None
Y - Petrify               Trmt/Erth      ###.....     30%         4    ####...
Z - Passwall              Trmt/Erth      ###.......   10%         3    ##.....


Dungeon Overview and Level Annotations

Branches:
Dungeon (4/15)
 Temple: D:4-7

Altars:


Message History

* * * LOW HITPOINT WARNING * * *
Casting: Sandblast
Confirm with . or Enter, or press ? or * to list all spells.
Aiming: Sandblast
Press: ? - help, Shift-Dir - straight line, f - orc
Aim: an orc, wielding a club The rocky blast hits the orc.
You kill the orc!
The orc priest hits you with a dagger of speed.
* * * LOW HITPOINT WARNING * * *
Casting: Sandblast
Confirm with . or Enter, or press ? or * to list all spells.
Aiming: Sandblast
Press: ? - help, Shift-Dir - straight line, f - orc priest
Aim: an orc priest, wielding a dagger of speed and wearing a leather armour The rocky blast hits the orc priest.
The orc priest is lightly wounded.
The orc priest invokes the aid of Beogh against you.
Something smites you!
You die...

▓▓.▓▓▓▓▓.......▓ ▓.▓
▓.▓ ▓.......▓ ▓.▓
▓▓▓.▓▓▓ ▓>......▓▓▓▓.▓▓
▓.....▓ ▓).............
▓.....▓▓▓.........▓▓.▓▓
▓.<....▓▓▓.▓.▓.▓..▓▓.▓▓
▓......▓ ▓.▓...▓..▓▓.▓▓
▓......▓ ▓.▓▓..▓.......
▓▓▓▓▓▓e▓▓▓.▓▓..▓.▓▓▓.▓▓
▓o)o........▓▓▓.▓
▓▓.▓▓..).▓▓.....▓
▓.▓▓.▓▓..▓.▓▓▓▓▓
▓)▓▓.......▓
▓.▓▓.▓...▓▓▓ ▓.▓▓▓...▓▓
▓..)....▓
▓........▓▓▓...▓


You could see an orc priest and an orc.

Vanquished Creatures
  Edmund (D:4)
  A sky beast (D:3)
  A goliath beetle (D:3)
  An orc priest (D:4)
  A centaur skeleton (D:3)
  A giant frog skeleton (D:4)
  4 adders
  2 giant mites
  3 worms
  10 orcs
  9 bats
  10 goblins
  5 hobgoblins
  7 kobolds
  A giant cockroach (D:3)
  4 giant geckos
  A giant gecko skeleton (D:4)
  3 giant newts
  6 jackals
  6 rats
77 creatures vanquished.

Notes
Turn   | Place    | Note
--------------------------------------------------------------
     0 | D:1      | utis, the Deep Elf Earth Elementalist, began the quest for the Orb.
     0 | D:1      | Reached XP level 1. HP: 10/10 MP: 5/5
   824 | D:1      | Reached XP level 2. HP: 15/15 MP: 3/8
   998 | D:1      | Reached skill level 4 in Earth Magic
  1252 | D:1      | Learned a level 2 spell: Stoneskin
  2249 | D:2      | Reached XP level 3. HP: 19/19 MP: 6/10
  2820 | D:2      | Identified a +2 rod of the swarm (10/10) (You found it on level 2 of the Dungeon)
  3078 | D:3      | Reached skill level 5 in Earth Magic
  3368 | D:3      | Reached XP level 4. HP: 24/24 MP: 11/13
  3379 | D:3      | Learned a level 3 spell: Stone Arrow
  3383 | D:3      | Learned a level 3 spell: Passwall
  3425 | D:3      | Reached skill level 1 in Conjurations
  4260 | D:3      | Noticed a sky beast
  4278 | D:3      | Killed a sky beast
  4278 | D:3      | Reached XP level 5. HP: 9/28 MP: 11/16
  4737 | D:3      | Reached XP level 6. HP: 32/32 MP: 18/18
  5173 | D:4      | Reached skill level 5 in Conjurations
  5300 | D:4      | Noticed Edmund
  5310 | D:4      | Killed Edmund
  5310 | D:4      | Reached skill level 5 in Spellcasting
  5458 | D:4      | Learned a level 4 spell: Petrify
  5579 | D:4      | Killed from afar by an orc priest

Action                   |  1- 3 |  4- 6 || total
-------------------------+-------+-------++-------
Melee: Unarmed           |    10 |       ||    10
       Dagger            |    36 |    34 ||    70
Throw: Stone             |     1 |       ||     1
 Cast: Sandblast         |    65 |    68 ||   133
       Stone Arrow       |       |     6 ||     6
  Use: Scroll            |     7 |     3 ||    10
 Stab: Sleeping          |     2 |       ||     2
  Eat: Chunk             |     7 |     7 ||    14
